 Dungeon Crawl Stone Soup version 0.27-a0-1065-ge809cff456 (webtiles) character file.

Game seed: 4228013066280394860

4697 leviel the Carver (level 10, -2/81 HPs)
             Began as a Minotaur Fighter on Apr 23, 2021.
             Was a Priest of Hepliaklqana.
             Slain by a tengu warrior
             ... wielding a +3 war axe
              (16 damage)
             ... on level 8 of the Dungeon.
             The game lasted 00:16:26 (10161 turns).

leviel the Carver (Minotaur Fighter)               Turns: 10161, Time: 00:16:27

Health: -2/81      AC: 13    Str: 24    XL:     10   Next: 21%
Magic:  18/18      EV:  4    Int:  5    God:    Hepliaklqana [***...]
Gold:   462        SH: 10    Dex: 15    Spells: 9/9 levels left

rFire    . . .     SeeInvis .   a - +1 long sword
rCold    . . .     Faith    .   c - +0 kite shield
rNeg     . . .     Spirit   .   E - +0 plate armour
rPois    .         Reflect  .   (helmet restricted)
rElec    +         Harm     .   q - scarf {+Inv}
rCorr    .         Rampage  .   i - +1 pair of gloves
Will     .....                  (no boots)
Stlth    ..........             (no amulet)
HPRegen  0.23/turn              t - +4 ring of slaying
MPRegen  0.16/turn              l - ring of Wijuxixe {rElec MP+9 Str+2 Dex+3}

@: very slightly contaminated, invisible
A: reduced essence, horns 2, retaliatory headbutt
a: Renounce Religion, Evoke Invisibility, Recall Ancestor, Ancestor Identity,
Transference


You were on level 8 of the Dungeon.
You worshipped Hepliaklqana.
Hepliaklqana was most pleased with you.
You visited 1 branch of the dungeon, and saw 8 of its levels.

You collected 638 gold pieces.
You spent 176 gold pieces at shops.

Inventory:

Hand Weapons
 a - a +1 long sword (weapon)
 b - a +0 hand crossbow
Missiles
 j - 118 bolts
 k - 3 throwing nets (quivered)
Armour
 c - a +0 kite shield (worn)
 d - a +0 scale mail
 i - a +1 pair of gloves (worn)
 q - a scarf of invisibility (worn)
 E - a +0 plate armour (worn)
Jewellery
 g - the ring "Taoff" {Drain +Blink rN+ Will+}
   (You found it on level 8 of the Dungeon)

   [ring of positive energy]

   It protects you from negative energy.
   It lets you blink.
   It drains your maximum health when unequipped.
   It increases your willpower.
 l - the ring of Wijuxixe (right hand) {rElec MP+9 Str+2 Dex+3}
   (You bought it in a shop on level 5 of the Dungeon)

   [ring of magical power]

   It affects your strength (+2).
   It affects your dexterity (+3).
   It insulates you from electricity.
   It affects your magic capacity (+9).
 s - a ring of flight
 t - a +4 ring of slaying (left hand)
Wands
 m - a wand of flame (39)
 F - a wand of paralysis (6)
Scrolls
 h - 3 scrolls of identify
 x - 3 scrolls of enchant weapon
 y - a scroll of amnesia
 A - a scroll of teleportation
 H - 2 scrolls of acquirement
Potions
 e - 4 potions of brilliance
 f - 3 potions of heal wounds {unknown}
 n - 5 potions of curing
 o - a potion of magic {unknown}
 r - 3 potions of flight
 u - 3 potions of haste {unknown}
 v - a potion of lignification {unknown}
 w - a potion of might
 z - a potion of attraction {unknown}
 C - a potion of berserk rage {unknown}
Miscellaneous
 p - a box of beasts


   Skills:
 + Level 9.1 Fighting
 - Level 14.0 Long Blades
 - Level 5.6 Crossbows
 - Level 4.0 Armour
 - Level 4.0 Shields


You had 9 spell levels left.
You didn't know any spells.
Your spell library contained the following spells:

 Spells                   Type           Power      Damage    Failure   Level
 Corona                   Hex            0%         N/A       100%        1
 Freeze                   Ice            0%         1d3       100%        1
 Summon Small Mammal      Summ           0%         N/A       100%        1
 Call Imp                 Summ           0%         N/A       100%        2
 Slow                     Hex            0%         N/A       100%        2
 Call Canine Familiar     Summ           0%         N/A       100%        3
 Frozen Ramparts          Ice            0%         1d2       100%        3
 Inner Flame              Hex/Fire       0%         N/A       100%        3
 Ozocubu's Armour         Ice            0%         N/A       100%        3
 Portal Projectile        Hex/Tloc       0%         N/A       100%        3
 Summon Guardian Golem    Hex/Summ       0%         N/A       100%        3
 Cause Fear               Hex            0%         N/A       100%        4
 Hailstorm                Conj/Ice       0%         3d3       100%        4
 Leda's Liquefaction      Hex/Erth       0%         N/A       100%        4
 Summon Ice Beast         Ice/Summ       0%         N/A       100%        4
 Summon Lightning Spire   Summ/Air       0%         N/A       100%        4
 Irradiate                Conj/Tmut      0%         3d14      100%        5
 Metabolic Englaciation   Hex/Ice        0%         N/A       100%        5
 Blade Hands              Tmut           0%         N/A       100%        6
 Statue Form              Tmut/Erth      0%         N/A       100%        6
 Dragon Form              Tmut           0%         N/A       100%        7


Dungeon Overview and Level Annotations

Branches:
Dungeon (8/15)             Temple (0/1) D:7
   Lair: D:8-11

Altars:
Cheibriados
Dithmenos
Hepliaklqana
Kikubaaqudgha
Makhleb
Uskayaw
Vehumet
The Shining One

Shops:
D:1 [   D:5 (**(   D:8 *

Annotations:
D:8 2 transporters


Innate Abilities, Weirdness & Mutations

Your life essence is reduced to manifest your ancestor. (-10% HP)
You have a pair of horns on your head.
You reflexively headbutt those who attack you in melee.


Message History

Something appears at your feet!
Your surroundings suddenly seem different.
The troll shouts!
You hear a horrible gurgling sound!
As you read the scroll of holy word, it crumbles to dust.
You speak a Word of immense power!
The efreet convulses!
You kill the efreet!
Your Fighting skill increases to level 9!
Okay, then.
You feel better.
Okay, then.
You fade into invisibility!
The ogre mage points at itself and mumbles some strange words.
The ogre mage flickers and vanishes!
Deactivating autopickup; reactivate with Ctrl-A.
You are very lightly contaminated with residual magic.
The troll barely misses you. You furiously retaliate!
You headbutt the troll. The troll claws you! The troll claws you.
Something hits you.
The tengu warrior shouts!
Something hits you but does no damage. Something hits you. Something hits you!
The tengu warrior shouts!
Something hits you.
The tengu warrior shouts!
The tengu warrior shouts!
Something hits you!
* * * LOW HITPOINT WARNING * * *
You hear some strange, mumbled words.
Something tries to affect you, but you resist.
You see here 21 gold pieces.
You see here the ring "Taoff" {Drain +Blink rN+ Will+}.
g - the ring "Taoff" {Drain +Blink rN+ Will+} You block the tengu warrior's attack. x2; The tengu warrior claws you.
* * * LOW HITPOINT WARNING * * *
Something hits you but does no damage.
There is a transporter here.
You see here a box of beasts.
p - a box of beasts The tengu warrior hits you with a +3 war axe!
You die...

≈≈≈.##...............[.#..###.#..
≈.###....#.##............## #....
..)...............#####.#####....
#####...#########..# ##.#.##....
#..##.......##.# ##...#....
#..#8..#.#..8#.### ##.#..#..
#..#..#...#..#...######.#....
##..#.......$Q#...#=...=.....#
#..©#..©.T.{"@#©..#.######.#.#
#...#....u..$|#..##>.>.....#.#
#...#..#...#$(#..##..#####.#..
##..#8.)#.#..8#......# #.###
##..##......?##.###.## #.#
####.#..#########..# #.### #.#
....###...).......## #...# #.###
####R#..###.####### ###.# #....
##.#.###....# #.# #####


You could see a green very ugly thing, a tengu warrior and a troll.

Vanquished Creatures
  A two-headed ogre (D:8)
  An efreet (D:8)
  The ghost of mnm the Chopper, an amateur MiBe of Trog (D:4)
  Prince Ribbit (D:5)
  An acid dragon (D:8)
  4 water moccasins
  An orc warrior (D:3)
  2 black bears
  3 ice beasts
  A sky beast (D:7)
  An ogre (D:8)
  A kobold brigand (D:4)
  A gnoll sergeant (D:8)
  A bullfrog (D:5)
  A water moccasin zombie (D:6)
  A scorpion (D:7)
  A water moccasin skeleton (D:5)
  The ghost of flotson the Covert, a weakling GnDe (D:5)
  3 howler monkeys
  A bullfrog skeleton (D:6)
  A bullfrog zombie (D:7)
  An orc priest (D:4)
  Crazy Yiuf (D:5)
  Terence (D:2)
  3 iguanas
  2 orc wizards (D:8)
  2 killer bee zombies
  A hound skeleton (D:5)
  11 gnolls
  A river rat (D:6)
  8 adders
  A white imp (D:7)
  A worm (D:3)
  3 dart slugs
  13 orcs
  7 bats
  11 endoplasms
  2 giant cockroaches
  9 goblins
  5 hobgoblins
  15 jackals
  5 quokkas
  4 ball pythons
  5 frilled lizards
  A jackal zombie (D:3)
  9 kobolds
  8 rats
  A bush (D:6)
160 creatures vanquished.

Vanquished Creatures (collateral kills)
  Pikel (D:7)
  An ice beast (D:5)
  A sky beast (D:5)
  A necrophage (D:8)
  2 orc priests (D:6)
  A bullfrog skeleton (D:5)
  2 iguanas (D:7)
  2 orc wizards
  2 gnolls (D:3)
  An adder (D:6)
  2 worms
  2 orcs
  A bat (D:3)
  7 kobolds
  A quokka (D:4)
  A rat (D:3)
28 creatures vanquished.

Vanquished Creatures (others)
  A vampire mosquito (D:8)
  A hexer (D:8)
  2 ancestors (D:3)
  A kobold (D:4)
  2 bushes (D:6)
  23 plants
30 creatures vanquished.

Grand Total: 218 creatures vanquished

Notes
Turn   | Place    | Note
-------+----------+-------------------------------------------
     0 | D:1      | leviel the Minotaur Fighter began the quest for the Orb.
     0 | D:1      | Reached XP level 1. HP: 19/19 MP: 0/0
   207 | D:1      | Reached XP level 2. HP: 26/27 MP: 1/1
   577 | D:1      | Reached skill level 3 in Long Blades
   577 | D:1      | Reached XP level 3. HP: 20/33 MP: 2/2
   967 | D:1      | Reached skill level 4 in Long Blades
  1163 | D:1      | Found Turghut's Armour Emporium.
  1406 | D:2      | Found a hazy altar of Hepliaklqana.
  1413 | D:2      | Became a worshipper of Hepliaklqana the Forgotten
  1418 | D:2      | Noticed Terence
  1425 | D:2      | Killed Terence
  1426 | D:2      | Reached XP level 4. HP: 36/36 MP: 3/3
  1595 | D:2      | Reached skill level 5 in Long Blades
  1809 | D:2      | Found a faded altar of an unknown god.
  2338 | D:3      | Reached * piety under Hepliaklqana
  2461 | D:3      | Reached XP level 5. HP: 28/41 MP: 4/4
  2822 | D:3      | Reached skill level 6 in Long Blades
  3155 | D:3      | Noticed an orc warrior
  3181 | D:3      | Killed an orc warrior
  3182 | D:3      | Reached skill level 7 in Long Blades
  3182 | D:3      | Reached XP level 6. HP: 26/46 MP: 5/5
  3804 | D:4      | Reached skill level 8 in Long Blades
  4040 | D:4      | Found a runed translucent gate.
  4040 | D:4      | Found a runed translucent gate.
  4040 | D:4      | Found a runed translucent gate.
  4041 | D:4      | Noticed mnm's ghost (amateur MiBe)
  4425 | D:4      | Reached skill level 1 in Crossbows
  4637 | D:4      | Reached XP level 7. HP: 34/51 MP: 6/6
  4648 | D:4      | Killed mnm's ghost
  4649 | D:4      | Reached skill level 9 in Long Blades
  5059 | D:5      | Entered Level 5 of the Dungeon
  5075 | D:5      | Found Cyidyolu's Weapon Shop.
  5089 | D:5      | Reached ** piety under Hepliaklqana
  5090 | D:5      | Remembered your ancestor Sextus as a hexer
  5176 | D:5      | Noticed Prince Ribbit
  5187 | D:5      | Killed Prince Ribbit
  5188 | D:5      | Reached skill level 10 in Long Blades
  5188 | D:5      | Reached XP level 8. HP: 59/59 MP: 7/7
  5434 | D:5      | Found a runed translucent door.
  5435 | D:5      | Noticed Crazy Yiuf
  5520 | D:5      | Killed Crazy Yiuf
  5822 | D:5      | Found a hide-covered altar of Uskayaw.
  5848 | D:5      | Found a runed translucent gate.
  5849 | D:5      | Found a runed translucent gate.
  5849 | D:5      | Found a runed translucent gate.
  5851 | D:5      | Noticed flotson's ghost (weakling GnDe)
  5866 | D:5      | Killed flotson's ghost
  5984 | D:5      | Reached skill level 11 in Long Blades
  6063 | D:5      | Found Pausk's Antique Weapon Shoppe.
  6112 | D:5      | Found Lose's Assorted Antiques.
  6115 | D:5      | Bought a bubbling ruby potion for 19 gold pieces
  6115 | D:5      | Bought a scroll labelled TAOTUOCAIRCH for 22 gold pieces
  6244 | D:5      | Found Jarar's Assorted Antiques.
  6253 | D:5      | Bought a translucent jade ring for 135 gold pieces
  6253 | D:5      | Identified the ring of Wijuxixe {rElec MP+9 Str+2 Dex+3}
                  | (You bought it in a shop on level 5 of the Dungeon)
  6691 | D:6      | Found a hazy altar of Hepliaklqana.
  6692 | D:6      | Found a shadowy altar of Dithmenos.
  6765 | D:6      | Reached skill level 5 in Crossbows
  7840 | D:7      | Identified the +5 rapier "Axilanud" {venom, rC+}
  7851 | D:7      | Reached skill level 12 in Long Blades
  7890 | D:7      | Found a staircase to the Ecumenical Temple.
  7925 | D:7      | Reached XP level 9. HP: 63/63 MP: 8/8
  7950 | D:7      | Noticed Pikel
  7964 | D:7      | Killed Pikel
  7965 | D:7      | Reached skill level 13 in Long Blades
  8134 | D:7      | Reached *** piety under Hepliaklqana
  8683 | D:7      | Identified the +0 helmet "Jongujeapt" {Str+4}
  8937 | D:8      | Reached skill level 14 in Long Blades
  9005 | D:8      | Reached skill level 5 in Fighting
  9117 | D:8      | Found Iti Jeurch's Assorted Antiques.
  9133 | D:8      | Noticed a green very ugly thing
  9133 | D:8      | Noticed a tengu warrior
  9134 | D:8      | Found a transporter.
  9134 | D:8      | Noticed an ogre mage
  9134 | D:8      | Noticed a troll
  9135 | D:8      | Noticed an efreet
  9140 | D:8      | Found a transporter.
  9151 | D:8      | Noticed a two-headed ogre
  9170 | D:8      | Killed a two-headed ogre
  9171 | D:8      | Reached XP level 10. HP: 29/79 MP: 9/9
  9584 | D:8      | Found a burning altar of Makhleb.
  9587 | D:8      | Found a radiant altar of Vehumet.
  9588 | D:8      | Found an ancient bone altar of Kikubaaqudgha.
  9588 | D:8      | Found a snail-covered altar of Cheibriados.
  9589 | D:8      | Found a glowing golden altar of the Shining One.
 10144 | D:8      | Identified 3 scrolls of acquirement
 10144 | D:8      | Acquired 923 gold pieces
 10158 | D:8      | Identified the ring "Taoff" {Drain +Blink rN+ Will+}
 10161 | D:8      | Slain by a tengu warrior

Illustrated notes

Levels and vault maps discovered:
D:1:      arrival_zaba_pyramid, layout_basic, serial_shops, shop_fountains
D:2:      layout_basic, hellmonk_ecumenical_altar_slurped_away, basic_altar,
          uniq_terence
D:3:      layout_loops_ring, minmay_divided_ellipse
D:4:      layout_basic, gammafunk_ghost_nasty_kobolds
D:5:      layout_loops_ring, eat_drink_and_be_merry_uskayaw, serial_shops,
          nicolae_shop_window_shopping, nicolae_shop_overgrown_old_shop, shop,
          kennysheep_mini, ebering_ghost_rock_garden, hangedman_decor_opposing,
          serial_bayou_lagoon_b, uniq_prince_ribbit1, uniq_crazy_yiuf_cottage
D:6:      layout_basic, riverfiend_overflow_shadow_ancestor,
          gup_sewer_entry_spiral, minivault_1,
          hangedman_abyss_or_decor_lesser_grid, minmay_hedge_maze
D:7:      layout_loops_ring, minmay_temple_entry_statues_pillars,
          nicolae_ossuary_entry_plus, uniq_pikel
D:8:      gammafunk_sealed_arena, layout_loops_ring, grunt_temple_overflow_open,
          serial_shops, nicolae_shop_behind_doors, grunt_ogre_cave,
          serial_bayou_pond_c

Skill      XL: |  1  2  3  4  5  6  7  8  9 10 |
---------------+-------------------------------+-----
Armour         | 4 |  4.0
Fighting       | 4 7 9 |  9.1
Shields        | 4 |  4.0
Long Blades    | 3 4 5 7 8 10 12 14 | 14.0
Crossbows      | 1 3 5 |  5.6

Action                   |  1- 3 |  4- 6 |  7- 9 | 10-12 || total
-------------------------+-------+-------+-------+-------++-------
Melee: Long sword        |    93 |   121 |   204 |    25 ||   443
       Headbutt          |    11 |    16 |    62 |     3 ||    92
Invok: Ancestor Life: He |       |       |     1 |       ||     1
Evoke: Wand              |       |       |     3 |       ||     3
  Use: Scroll            |       |    12 |     4 |     4 ||    20
       Potion            |       |     2 |       |     2 ||     4
 Stab: Invisible         |       |     1 |       |       ||     1
       Confused          |       |       |     5 |       ||     5
Armor: Scale mail        |    31 |    39 |    34 |       ||   104
       Plate armour      |       |       |    36 |     8 ||    44
Dodge: Dodged            |    32 |    39 |    37 |     4 ||   112
Block: Kite shield       |    61 |    67 |    72 |     8 ||   208
       Rpst.: Long sword |     6 |    11 |    13 |       ||    30

Table legend: (Time is in decaauts)
 A = Elapsed time spent in this place.
 B = Non-inter-level travel time spent in this place.
 C = Inter-level travel time spent in this place.
 D = Time resting spent in this place.
 E = Time spent auto-exploring this place.
 F = Levels seen in this place.
 G = Mean time per level.
                   A        B        C        D        E       F      G
               +--------+--------+--------+--------+--------+-----+--------+
         Total |  10238 |   9947 |    291 |   1447 |   7227 |   8 | 1279.8 |
       Dungeon |  10238 |   9947 |    291 |   1447 |   7227 |   8 | 1279.8 |
               +--------+--------+--------+--------+--------+-----+--------+

Top non-repeatable levels by time:
     D:4: 1667 daAuts
     D:6: 1435 daAuts
     D:3: 1409 daAuts
     D:1: 1354 daAuts
     D:5: 1299 daAuts
     D:8: 1232 daAuts
     D:7: 1132 daAuts
     D:2: 706 daAuts
